 Dungeon Crawl Stone Soup version 0.13-a0-2519-g3c5fe84 (webtiles) character file.

5665 JogiH the Conjurer (level 10, -6/92 HPs)
             Began as a Djinni Wizard on July 24, 2013.
             Was a High Priest of Sif Muna.
             Mangled by a four-headed hydra (14 damage)
             ... on Level 9 of the Dungeon.
             The game lasted 00:50:17 (17630 turns).

JogiH the Conjurer (Djinni Wizard)                 Turns: 17630, Time: 00:50:17

HP  -6/92        AC  7     Str  8      XL: 10   Next: 32%
MP   0/0         EV 12     Int 22      God: Sif Muna [*****.]
Gold 539         SH  0     Dex 11      Spells:  8 memorised, 10 levels left

Res.Fire  : + + +   See Invis. : .   L - +1,+0 whip (elec)
Res.Cold  : x . .   Warding    : .   y - +2 orc robe {MR+}
Life Prot.: + + +   Conserve   : .   (no shield)
Res.Poison: .       Res.Corr.  : .   p - +2 wizard hat
Res.Elec. : .       Clarity    : .   D - +0 cloak
Sust.Abil.: . .     Spirit.Shd : .   (no gloves)
Res.Mut.  : +       Stasis     : .   (boots unavailable)
Res.Rott. : .       Flight     : .   G - amulet of resist mutation
Saprovore : . . .                    s - ring of wizardry
                                     q - ring of magical power

@: quite resistant to hostile enchantments, unstealthy
A: no striking features
a: Channel Energy, Forget Spell, Renounce Religion


You were on level 9 of the Dungeon.
You worshipped Sif Muna.
Sif Muna was extremely pleased with you.
You were not hungry.

You visited 3 branches of the dungeon, and saw 12 of its levels.

You collected 519 gold pieces.

Inventory:

Hand weapons
 m - a +0,+0 elven spear (quivered)
 L - a +1,+0 whip of electrocution (weapon)
Armour
 a - a +0 robe
 p - a +2 wizard hat (worn)
 y - a +2 orcish robe of magic resistance (worn)
 B - a +2 orcish leather armour of magic resistance
 D - a +0 cloak (worn)
Magical devices
 t - a wand of disintegration (8) {unknown}
 x - a wand of fire (8) {unknown}
 H - a wand of magic darts (5) {unknown}
 S - a wand of slowing (0)
Scrolls
 b - 3 scrolls of random uselessness {unknown}
 d - 7 scrolls of remove curse
 e - 5 scrolls of identify
 g - 3 scrolls of blinking {unknown}
 h - 4 scrolls of magic mapping {unknown}
 k - 3 scrolls of fear {unknown}
 n - 4 scrolls of enchant weapon II {unknown}
 o - 3 scrolls of teleportation {unknown}
 v - 3 scrolls of amnesia {unknown}
 w - 2 scrolls of noise {unknown}
 C - a scroll of curse armour {unknown}
 E - a scroll of immolation {unknown}
 P - a scroll of enchant armour {unknown}
 R - a scroll of curse jewellery {unknown}
Jewellery
 q - a ring of magical power (left hand)
 s - a ring of wizardry (right hand)
 G - an amulet of resist mutation (around neck)
 J - an uncursed amulet of inaccuracy {unknown}
Potions
 f - a potion of paralysis {unknown}
 i - 2 potions of flight {unknown}
 j - a potion of magic {unknown}
 l - 3 potions of brilliance
 r - 2 potions of might {unknown}
 u - 5 potions of curing
 z - a potion of invisibility {unknown}
 A - 2 potions of confusion {unknown}
 F - 2 potions of poison {unknown}
 M - a potion of speed {unknown}
 O - a potion of degeneration {unknown}
 U - a potion of restore abilities {unknown}
 V - a potion of agility {unknown}
Books
 c - a book of Minor Magic

   Spells                             Type                      Level
   *Magic Dart                        Conjuration                  1
   *Blink                             Translocation                2
   *Call Imp                          Summoning                    2
   *Repel Missiles                    Charms/Air                   2
   *Slow                              Hexes                        2
   *Conjure Flame                     Conjuration/Fire             3
   *Mephitic Cloud                    Conjuration/Poison/Air       3
 I - Sif Muna's Almanac of Confrontation
   (You found it on level 5 of the Dungeon)

   Spells                             Type                      Level
   Shock                              Conjuration/Air              1
 N - a book of Minor Magic

   Spells                             Type                      Level
   *Magic Dart                        Conjuration                  1
   *Blink                             Translocation                2
   *Call Imp                          Summoning                    2
   *Repel Missiles                    Charms/Air                   2
   *Slow                              Hexes                        2
   *Conjure Flame                     Conjuration/Fire             3
   *Mephitic Cloud                    Conjuration/Poison/Air       3
 Q - a book of Necromancy

   Spells                             Type                      Level
   Pain                               Necromancy                   1
   Animate Skeleton                   Necromancy                   1
   Lethal Infusion                    Charms/Necromancy            2
   Vampiric Draining                  Necromancy                   3
   Regeneration                       Charms/Necromancy            3
   *Animate Dead                      Necromancy                   4
   Control Undead                     Necromancy                   4
 T - a book of Cantrips

   Spells                             Type                      Level
   Confusing Touch                    Hexes                        1
   Animate Skeleton                   Necromancy                   1
   Summon Small Mammal                Summoning                    1
   Apportation                        Translocation                1


   Skills:
 - Level 1.1 Fighting
 - Level 1.7 Dodging
 - Level 1.5 Stealth
 + Level 10.1 Spellcasting
 + Level 11.1 Conjurations
 * Level 4.9 Summonings
 * Level 1.5 Necromancy
 + Level 1.0 Translocations
 - Level 1.0 Fire Magic
 - Level 1.4 Air Magic
 - Level 1.1 Poison Magic
 * Level 4.1 Invocations


You had 10 spell levels left.
You knew the following spells:

 Your Spells              Type           Power        Failure   Level  Hunger
a - Magic Dart            Conj           ####         1%          1    None
b - Blink                 Tloc           N/A          3%          2    None
c - Call Imp              Summ           ####......   1%          2    None
d - Conjure Flame         Conj/Fire      #####...     1%          3    None
e - Mephitic Cloud        Conj/Pois/Air  ####....     1%          3    None
f - Repel Missiles        Chrm/Air       ##........   3%          2    None
g - Slow                  Hex            ##......     3%          2    None
h - Animate Dead          Necr           N/A          13%         4    ##.....


Dungeon Overview and Level Annotations

Branches:
Dungeon (9/27)             Temple (1/1) D:6             Orc (2/4) D:7
   Lair: D:8-13

Altars:
Kikubaaqudgha
Sif Muna
Trog
Vehumet

Shops:
D:7: } Orc:1: /(


Message History

The four-headed hydra is engulfed in roaring flames.
The four-headed hydra bites you but does no damage.
The four-headed hydra misses you.
The four-headed hydra bites you but does no damage.
The crimson imp hits you but does no damage.
Drink which item? (? for menu, Esc to quit)
You feel much better.
The four-headed hydra is engulfed in roaring flames.
The four-headed hydra bites you!
The four-headed hydra barely misses you.
The four-headed hydra bites you but does no damage.
Use which ability? (? or * to list)
You channel some magical energy.
The crimson imp misses you.
The four-headed hydra is engulfed in roaring flames.
The four-headed hydra bites you. The four-headed hydra bites you!
* * * LOW HITPOINT WARNING * * *
The four-headed hydra bites you!
* * * LOW HITPOINT WARNING * * *
The four-headed hydra bites you!
You die...

#.#.. #.# ###### #.#.#
#.# #....# #.#.# #.#
#.##.# #.#.#.#.##
#.##.#.##.#.#.#.##
#.##.#........#.##
#.##.####.#.###.##
.#######5D...............
........@###'############
######..####ยง## # ....#
#...# # ####. ##.## # #
#.# ..) #.# #.# $.:


You could see a four-headed hydra and a crimson imp.

Vanquished Creatures
  Pikel (D:6)
  Grinder (D:6)
  Prince Ribbit (D:8)
  An ugly thing (D:9)
  A two-headed ogre (D:9)
  A wyvern (D:8)
  2 hungry ghosts (D:7)
  A hippogriff (D:8)
  A wraith (D:7)
  An orc warrior (D:8)
  A phantom (D:7)
  2 sky beasts
  2 slaves (D:6)
  An ogre (D:4)
  2 centaurs
  A big kobold (D:9)
  3 giant frogs
  Blork the orc (D:6)
  3 killer bees (D:8)
  3 troll zombies (D:7)
  5 wights (D:8)
  A goliath beetle (D:7)
  6 orc priests
  5 hounds
  A two-headed ogre zombie (D:8)
  5 crimson imps
  2 centaur skeletons (D:5)
  3 scorpions
  A gnoll shaman (D:5)
  14 orc wizards
  A jelly (D:8)
  6 ogre zombies (D:7)
  5 worker ants
  A hound skeleton (D:5)
  A mummy (D:4)
  A worker ant zombie (D:7)
  5 adders
  8 gnolls (D:5)
  2 worm zombies
  3 giant mites
  3 worms
  A scorpion zombie (D:5)
  An adder skeleton (D:4)
  2 giant eyeballs
  An ooze (D:3)
  32 orcs
  7 bats
  A bat skeleton (D:4)
  3 giant cockroaches
  9 goblins
  12 hobgoblins
  13 kobolds
  2 ball pythons
  6 giant newts
  A giant spore (D:6)
  2 goblin skeletons (D:7)
  3 goblin zombies (D:7)
  A hobgoblin skeleton (D:7)
  5 hobgoblin zombies
  2 jackals (D:7)
  A kobold zombie (D:4)
  4 orc skeletons (D:7)
  16 orc zombies
  4 quokkas
  15 rats
  4 ballistomycetes (D:6)
257 creatures vanquished.

Vanquished Creatures (collateral kills)
  3 iguanas
  5 adders
  6 orcs
  A bat (D:2)
  A giant cockroach (D:2)
  3 hobgoblins
  A kobold (D:2)
  2 giant geckos
22 creatures vanquished.

Vanquished Creatures (others)
  A worker ant (D:6)
  An adder (D:6)
  2 white imps (D:3)
  A worm (D:4)
  A giant cockroach (D:6)
  A quokka (D:6)
7 creatures vanquished.

Grand Total: 286 creatures vanquished

Notes
Turn   | Place    | Note
--------------------------------------------------------------
     0 | D:1      | JogiH, the Djinni Wizard, began the quest for the Orb.
     0 | D:1      | Reached XP level 1. HP: 14/14 MP: 0/0
   326 | D:1      | Reached skill level 4 in Spellcasting
   500 | D:1      | Reached XP level 2. EP: 19/23
   534 | D:1      | Learned a level 2 spell: Blink
   537 | D:1      | Learned a level 2 spell: Call Imp
  1428 | D:2      | Reached XP level 3. EP: 22/29
  2081 | D:2      | Learned a level 3 spell: Conjure Flame
  2085 | D:2      | Learned a level 3 spell: Mephitic Cloud
  2380 | D:3      | Reached XP level 4. EP: 31/37
  2797 | D:3      | Reached skill level 5 in Spellcasting
  3168 | D:3      | Learned a level 2 spell: Repel Missiles
  3224 | D:3      | Found a radiant altar of Vehumet.
  4228 | D:4      | Reached XP level 5. EP: 30/44
  5434 | D:4      | Noticed a moth of wrath
  5435 | D:4      | Found a bloodstained altar of Trog.
  6305 | D:5      | Entered Level 5 of the Dungeon
  6645 | D:4      | Noticed an ogre
  6649 | D:4      | Killed an ogre
  6649 | D:4      | Reached XP level 6. EP: 37/53
  6915 | D:5      | Reached skill level 6 in Spellcasting
  7038 | D:5      | Reached skill level 1 in Fire Magic
  7225 | D:5      | Reached skill level 5 in Conjurations
  7751 | D:5      | Found a deep blue altar of Sif Muna.
  7757 | D:5      | Became a worshipper of Sif Muna the Loreminder
  7760 | D:5      | Reached XP level 7. EP: 59/59
  7789 | D:5      | Identified Sif Muna's Almanac of Confrontation
  7819 | D:5      | Learned a level 2 spell: Slow
  9113 | D:6      | Noticed Pikel
  9122 | D:6      | Killed Pikel
  9122 | D:6      | Acquired Sif Muna's first power
  9122 | D:6      | Reached skill level 7 in Spellcasting
  9122 | D:6      | Reached skill level 1 in Air Magic
  9122 | D:6      | Reached skill level 1 in Poison Magic
  9122 | D:6      | Reached XP level 8. EP: 42/68
  9267 | D:6      | Noticed Blork the orc
  9284 | D:6      | Killed Blork the orc
  9507 | D:6      | Found a staircase to the Ecumenical Temple.
  9533 | D:6      | Reached skill level 8 in Conjurations
  9805 | D:6      | Acquired Sif Muna's second power
  9859 | D:6      | Found an ancient bone altar of Kikubaaqudgha.
  9970 | D:6      | Noticed Grinder
  9995 | D:6      | Killed Grinder
  9995 | D:6      | Reached skill level 1 in Invocations
 10643 | D:7      | Reached XP level 9. EP: 48/74
 10678 | D:7      | Reached skill level 9 in Conjurations
 11110 | D:7      | Reached skill level 1 in Fighting
 11327 | D:7      | Found Mazup's Gadget Shoppe.
 11373 | Temple   | Entered the Ecumenical Temple
 12075 | D:7      | Found a staircase to the Orcish Mines.
 12854 | D:7      | Reached skill level 10 in Conjurations
 14060 | Orc:1    | Entered Level 1 of the Orcish Mines
 14060 | Orc:1    | Found Udwestruz's Weapon Shop.
 14078 | Orc:1    | Found Ylival's Magical Wand Boutique.
 14496 | D:8      | Noticed Prince Ribbit
 14501 | D:8      | Killed Prince Ribbit
 14501 | D:8      | Acquired Sif Muna's third power
 14882 | D:8      | Learned a level 4 spell: Animate Dead
 15428 | D:8      | Reached XP level 10. EP: 23/82
 16565 | D:8      | Reached skill level 11 in Conjurations
 16718 | D:8      | Reached skill level 1 in Necromancy
 16951 | D:8      | Reached skill level 10 in Spellcasting
 17617 | D:9      | Noticed a four-headed hydra
 17630 | D:9      | Mangled by a four-headed hydra

Action                   |  1- 3 |  4- 6 |  7- 9 | 10-12 || total
-------------------------+-------+-------+-------+-------++-------
Melee: Unarmed           |     4 |       |       |       ||     4
       Spear             |     2 |    38 |     8 |       ||    48
       Whip              |       |       |    96 |    37 ||   133
 Cast: Magic Dart        |    81 |   147 |   406 |    82 ||   716
       Call Imp          |    10 |    17 |     1 |       ||    28
       Conjure Flame     |       |    16 |    75 |    23 ||   114
       Mephitic Cloud    |       |     5 |    22 |     9 ||    36
       Repel Missiles    |       |       |     3 |     1 ||     4
       Blink             |       |       |     1 |       ||     1
       Animate Dead      |       |       |       |     4 ||     4
Invok: Channel Energy    |       |       |    13 |     5 ||    18
  Use: Scroll            |       |     2 |       |       ||     2
       Potion            |       |       |     3 |     2 ||     5
 Stab: Distracted        |       |     1 |       |       ||     1
       Confused          |       |       |     3 |       ||     3
